 Dungeon Crawl Stone Soup version 0.28.0-43-g3370ac3207 (webtiles) character file.

Game seed: 10352175943692407647

154515 Dirian the Severer (level 17, -2/161 HPs)
             Began as a Minotaur Wanderer on Mar 9, 2022.
             Was the Champion of Zin.
             Slain by a naga warrior
             ... wielding a +0 hand axe
              (30 damage)
             ... on level 1 of the Snake Pit on Mar 11, 2022.
             The game lasted 01:02:20 (33830 turns).

Dirian the Severer (Minotaur Wanderer)             Turns: 33830, Time: 01:02:21

Health: -2/161     AC: 26    Str: 25    XL:     17   Next: 6%
Magic:  23/23      EV: 10    Int: 13    God:    Zin [******]
Gold:   2804       SH: 12    Dex: 15    Spells: 15/18 levels left

rFire   + + .      SeeInvis .   a - +3 war axe (freeze)
rCold   . . .      Faith    .   M - +0 buckler
rNeg    . . .      Spirit   .   L - +2 plate armour {rF+}
rPois   ∞          Reflect  +   (helmet restricted)
rElec   .          Harm     .   G - +1 cloak of Starlight {*Dazzle EV+4 Stlth--}
rCorr   .          Rampage  .   m - +2 pair of gloves
Will    +....                   g - +0 pair of boots
Stlth   ..........              u - amulet of reflection
HPRegen 0.36/turn               y - ring of poison resistance
MPRegen 0.18/turn               N - ring "Debli" {Fly rF+}

@: vitalised, flying, constricted, studying 2 skills
A: horns 2, retaliatory headbutt
a: Renounce Religion, Recite, Vitalisation, Imprison, Sanctuary, Donate Gold


You were on level 1 of the Snake Pit.
You worshipped Zin.
Zin was exalted by your worship.
You visited 4 branches of the dungeon, and saw 24 of its levels.
You also visited: Sewer, Ice Cave and Volcano.

You collected 3019 gold pieces.
You donated 215 gold pieces to Zin.

Inventory:

Hand Weapons
 a - a +3 war axe of freezing (weapon)
 b - a +3 scimitar of flaming
Missiles
 i - 23 boomerangs (quivered)
 C - 2 boomerangs of dispersal
Armour
 g - a +0 pair of boots (worn)
 m - a +2 pair of gloves (worn)
 G - the +1 cloak of Starlight (worn) {*Dazzle EV+4 Stlth--}
   (You found it on level 10 of the Dungeon)

   It may blind those who miss an attack against the wearer in melee combat.
   EV:        It affects your evasion (+4).
   Stlth:     It makes you much less stealthy.
 L - a +2 plate armour of fire resistance (worn)
 M - a +0 buckler (worn)
Jewellery
 e - an amulet of regeneration
 l - a +4 ring of slaying
 o - a ring of willpower
 p - a ring of see invisible
 u - an amulet of reflection (around neck)
 y - a ring of poison resistance (left hand)
 F - a ring of positive energy
 K - a ring of protection from cold
 N - the ring "Debli" (right hand) {Fly rF+}
   (You found it on level 11 of the Dungeon)

   [ring of flight]

   rF:        It protects you from fire.
   Fly:       It grants you flight.
Wands
 c - a wand of iceblast (18)
 s - a wand of paralysis (25)
 v - a wand of digging (6)
 x - a wand of acid (13)
 E - a wand of flame (12)
 S - a wand of charming (4)
Scrolls
 r - 10 scrolls of identify
 t - 14 scrolls of teleportation
 A - 2 scrolls of immolation
 D - 2 scrolls of fog
 H - a scroll of fear
 O - a scroll of enchant armour
 P - a scroll of enchant weapon
 T - a scroll of magic mapping
Potions
 d - a potion of might
 f - 2 potions of ambrosia
 h - 3 potions of haste
 n - a potion of resistance
 q - 4 potions of curing
 w - 4 potions of heal wounds
 B - a potion of berserk rage
 I - a potion of attraction
 J - 3 potions of cancellation
 U - 4 potions of magic


   Skills:
 + Level 17.2 Fighting
 - Level 20.0 Axes
 - Level 10.0 Throwing
 - Level 15.0 Armour
 - Level 5.0 Dodging
 - Level 10.0 Shields
 - Level 1.0 Spellcasting
 - Level 3.7 Fire Magic
 - Level 10.0 Invocations
 - Level 10.0 Evocations


You had 15 spell levels left.
You knew the following spells:

 Your Spells              Type           Power      Damage    Failure   Level
a - Foxfire               Conj/Fire      20%        2x1d5     75%         1
b - Scorch                Fire           20%        2d6       63%         2

Your spell library contained the following spells:

 Spells                   Type           Power      Damage    Failure   Level
 Magic Dart               Conj           0%         1d3       94%         1
 Sting                    Tmut/Pois      0%         1d3       94%         1
 Blink                    Tloc           0%         N/A       98%         2
 Call Imp                 Summ           0%         N/A       98%         2
 Corpse Rot               Necr/Air       0%         N/A       98%         2
 Poisonous Vapours        Pois/Air       0%         N/A       98%         2
 Sublimation of Blood     Necr           0%         N/A       98%         2
 Conjure Flame            Conj/Fire      5%         6-21      98%         3
 Inner Flame              Hex/Fire       5%         N/A       98%         3
 Ignite Poison            Fire/Tmut/Pois 3%         N/A       99%         3
 Gell's Gravitas          Tloc           0%         N/A       100%        3
 Lesser Beckoning         Tloc           0%         N/A       100%        3
 Mephitic Cloud           Conj/Pois/Air  0%         N/A       100%        3
 Ozocubu's Armour         Ice            0%         N/A       100%        3
 Teleport Other           Tloc           0%         N/A       100%        3
 Animate Dead             Necr           0%         N/A       100%        4
 Dispel Undead            Necr           0%         3d6       100%        4
 Leda's Liquefaction      Hex/Erth       0%         N/A       100%        4
 Olgreb's Toxic Radiance  Pois           0%         N/A       100%        4
 Petrify                  Tmut/Erth      0%         N/A       100%        4
 Sticky Flame             Conj/Fire      5%         2d3       100%        4
 Summon Ice Beast         Ice/Summ       0%         N/A       100%        4
 Irradiate                Conj/Tmut      0%         3d13      100%        5
 Manifold Assault         Tloc           0%         N/A       100%        5
 Metabolic Englaciation   Hex/Ice        0%         N/A       100%        5
 Summon Mana Viper        Hex/Summ       0%         N/A       100%        5
 Death Channel            Necr           0%         N/A       100%        6
 Dispersal                Tloc           0%         N/A       100%        6
 Simulacrum               Ice/Necr       0%         N/A       100%        6
 Haunt                    Necr/Summ      0%         N/A       100%        7
 Monstrous Menagerie      Summ           0%         N/A       100%        7
 Ozocubu's Refrigeration  Ice            0%         4d5       100%        7
 Ignition                 Fire           5%         3d4       100%        8
 Infestation              Necr           0%         N/A       100%        8


Dungeon Overview and Level Annotations

Branches:
Dungeon (15/15)            Temple (0/1) D:5            Lair (6/6) D:10
 Shoals (0/4) Lair:4        Snake (1/4) Lair:4        Slime (0/5) Lair:6
    Orc (2/2) D:10            Elf (0/3) Orc:2        Vaults (0/5) D:13
 Depths (0/4) D:15          Sewer (visited)           IceCv (visited)
Volcano (visited)

Altars:
Ashenzari
Elyvilon
Fedhas
Makhleb
Nemelex Xobeh
Qazlal
Sif Muna
Vehumet
Yredelemnul
Zin
Beogh
Jiyva

Shops:
D:1 *   D:6 (   D:9 *   D:10 *   Orc:2 [=:(   Snake:1 [

Annotations:
D:3 2 transporters, diceflayer's ghost, amateur MiFi
Lair:6 1 runed translucent door


Innate Abilities, Weirdness & Mutations

You have a pair of horns on your head.
You reflexively headbutt those who attack you in melee.


Message History

You are too injured to fight recklessly!
You are too injured to fight recklessly!
You are too injured to fight recklessly!
You are too injured to fight recklessly!
You are too injured to fight recklessly!
You are too injured to fight recklessly!
You are too injured to fight recklessly!
You are too injured to fight recklessly!
You catch the helpless naga completely off-guard!
You slice the naga!! You freeze the naga.
You kill the naga!
You barely miss the naga warrior. You slash the naga warrior!
You freeze the naga warrior.
The naga warrior roars a battlecry!
The naga warrior goes into a battle-frenzy!
The naga warrior constricts you.
You closely miss the naga warrior. You headbutt the naga warrior!
The naga warrior is heavily wounded.
You slash the naga warrior! You freeze the naga warrior.
The naga spits poison at you.
The splash of poison reflects off an invisible shield around you!
The splash of poison hits the naga but does no damage.
The naga warrior spits poison at you.
The splash of poison reflects off an invisible shield around you!
The splash of poison hits the naga warrior but does no damage.
The naga warrior hits you with a +0 halberd!!
The naga warrior constricts you.
You closely miss the naga warrior.
The naga warrior is heavily wounded.
You barely miss the naga warrior. The naga spits poison at you.
The splash of poison reflects off an invisible shield around you!
The splash of poison hits the naga but does no damage.
The naga warrior hits you with a +0 hand axe!!
The naga warrior's grasp on you weakens, but your attempt to escape fails.
The naga warrior hits you with a +0 halberd!!
* * * LOW HITPOINT WARNING * * *
The naga warrior constricts you. The naga hits you but does no damage.
The naga warrior hits you with a +0 hand axe!!
You die...

#..###..##.......# #.
#..............$..#.# ###.
#.#....##............ . # ##...
####.#.............. ..##.##..##
..#.............. ......#..#.#
#....##...................#.#..
#......#.........#..#.#......#..
##...........#.)......#.........
#..........###@N.........#...).
#..............†N......##.......
#.####..#...$...N................
#. ##......................#...
#.#..........##........##.†. .
#.##.###....#.....#...†).. ..##..
#...#.....###...#.. .##...
.#...#.###.....#... ###. . ......
#.........


You could see 2 naga warriors and a naga (strong).

Vanquished Creatures
  Kirke (Lair:4)
  A juggernaut zombie (D:15)
  The ghost of Swamplord the Severer, a journeyman HOFi of Beogh (Orc:1)
  Azrael (D:15)
  A dire elephant (Lair:4)
  Josephine (D:10)
  A fire dragon (Lair:6)
  6 boulder beetles
  2 naga warriors (Snake:1)
  2 ogre magi (Orc:2)
  Erica (Lair:1)
  A catoblepas (D:14)
  12 hydras
  4 anacondas (Snake:1)
  8 centaur warriors
  3 dancing weapons
  14 death yaks
  14 two-headed ogres
  A tengu warrior (D:11)
  An orc high priest (Orc:1)
  A vampire mage (D:15)
  Urug (Lair:6)
  2 naga sharpshooters (Snake:1)
  3 shock serpents (Snake:1)
  A fire crab (Lair:6)
  7 skeletal warriors (D:15)
  A storm dragon skeleton (D:15)
  2 deep trolls (Orc:2)
  A lindwurm (Lair:6)
  An orc knight (D:10)
  2 naga ritualists (Snake:1)
  5 wizards (Volcano)
  A tengu zombie (D:15)
  3 deep elf pyromancers
  A necromancer (D:15)
  5 mana vipers (Snake:1)
  4 manticores
  8 cyclopes
  15 ugly things
  Maurice (D:8)
  16 black mambas
  5 toenail golems (Volcano)
  A guardian serpent (Snake:1)
  A merfolk siren (Lair:4)
  A salamander (Snake:1)
  A naga mage (Snake:1)
  3 ice statues (IceCv)
  15 elephants
  5 torpor snails (Lair:6)
  15 cane toads
  4 gargoyles (D:12)
  A yaktaur (D:10)
  A freezing wraith (IceCv)
  3 tengu conjurers
  10 komodo dragons
  An anaconda simulacrum (IceCv)
  A guardian mummy (D:15)
  6 meliai
  A merfolk (Lair:4)
  3 polar bears
  13 trolls
  4 tyrant leeches (Lair:6)
  A hornet (shapeshifter) (D:14)
  8 hornets
  A slime creature (D:10)
  An ettin zombie (D:15)
  23 blink frogs
  4 dream sheep (Lair:3)
  2 shadows (D:11)
  A spriggan (shapeshifter) (D:10)
  3 vampires
  5 wyverns
  3 fire elementals (D:15)
  6 hogs (Lair:4)
  58 yaks
  8 wraiths
  9 basilisks
  A fire bat (shapeshifter) (D:13)
  8 vampire mosquitoes
  2 death yak simulacra (IceCv)
  2 steam dragons
  2 harpy simulacra (IceCv)
  3 nagas
  2 wargs (Orc:2)
  A hell hound (D:15)
  19 water moccasins
  3 acid dragons
  2 ice beasts
  18 orc warriors
  4 sky beasts
  23 ogres
  4 wolves (Lair:2)
  2 boggarts (D:14)
  23 centaurs
  A kobold brigand (Sewer)
  8 bullfrogs
  3 gnoll sergeants
  3 scorpions
  A cane toad simulacrum (IceCv)
  An elephant simulacrum (IceCv)
  6 wights
  3 howler monkeys
  8 centaur zombies
  2 bullfrog skeletons (D:7)
  A hound (D:6)
  A gnoll shaman (D:10)
  16 orc priests
  2 centaur skeletons
  2 iguanas
  16 orc wizards
  A killer bee zombie (D:8)
  A polar bear simulacrum (IceCv)
  2 howler monkey zombies
  16 gnolls
  A howler monkey skeleton (D:7)
  7 river rats (Sewer)
  4 adders
  A shadow imp (D:5)
  2 white imps
  An ufetubus (D:5)
  An adder skeleton (D:4)
  48 orcs
  6 endoplasms
  3 giant cockroaches
  6 hobgoblins
  4 jackals (D:1)
  18 kobolds
  6 quokkas
  9 ball pythons
  2 bats
  3 frilled lizards
  6 goblins
  31 rats
757 creatures vanquished.

Vanquished Creatures (others)
  A boggart (D:14)
  38 fungi
  55 plants
  3 withered plants (D:15)
97 creatures vanquished.

Grand Total: 854 creatures vanquished

Notes
Turn   | Place    | Note
-------+----------+-------------------------------------------
     0 | D:1      | Dirian the Minotaur Wanderer began the quest for the Orb.
     0 | D:1      | Dirian set off with the following items: a +0 club, a +0
                  | pair of boots, a +0 leather armour, a scroll of
                  | teleportation; and the following spell memorised: Foxfire;
                  | and the following spells available to memorise: Scorch,
                  | Inner Flame
     0 | D:1      | Reached XP level 1. HP: 16/16 MP: 1/1
   130 | D:1      | Reached skill level 1 in Axes
   244 | D:1      | Reached XP level 2. HP: 10/23 MP: 2/2
   484 | D:1      | Reached skill level 1 in Armour
   561 | D:1      | Learned a level 2 spell: Scorch
   680 | D:1      | Reached skill level 2 in Axes
   916 | D:1      | Found a faded altar of an unknown god.
  1122 | D:1      | Found Loun Med's Assorted Antiques.
  1311 | D:1      | Prayed at the altar of an unknown god.
  1311 | D:1      | Became a worshipper of Vehumet
  1311 | D:1      | Reached * piety under Vehumet
  1311 | D:1      | Offered knowledge of Magic Dart by Vehumet.
  1312 | D:1      | Fell from the grace of Vehumet
  1436 | D:2      | Reached XP level 3. HP: 13/29 MP: 3/3
  2435 | D:3      | Noticed a scorpion
  2441 | D:3      | Killed a scorpion
  2442 | D:3      | Reached skill level 3 in Axes
  2442 | D:3      | Reached XP level 4. HP: 37/37 MP: 4/4
  2471 | D:3      | Found a transporter.
  2475 | D:3      | Found a transporter.
  2475 | D:3      | Noticed diceflayer's ghost (amateur MiFi)
  2708 | D:3      | Found a glowing silver altar of Zin.
  2713 | D:3      | Became a worshipper of Zin the Law-Giver
  2713 | D:3      | Reached * piety under Zin
  3271 | D:4      | Reached skill level 4 in Axes
  3271 | D:4      | Reached XP level 5. HP: 45/45 MP: 5/5
  3346 | D:4      | Noticed an ogre
  3352 | D:4      | Killed an ogre
  3612 | D:4      | Found a broken altar of Ashenzari.
  3838 | D:4      | Reached skill level 5 in Axes
  3838 | D:4      | Reached XP level 6. HP: 32/52 MP: 6/6
  4008 | D:5      | Entered Level 5 of the Dungeon
  4024 | D:5      | Found a glowing drain.
  4042 | Sewer    | Entered a sewer
  4882 | D:5      | Noticed a sky beast
  4892 | D:5      | Noticed an ice beast
  4894 | D:5      | Killed a sky beast
  4895 | D:5      | Reached skill level 6 in Axes
  4895 | D:5      | Reached XP level 7. HP: 53/60 MP: 7/7
  5015 | D:5      | Found a staircase to the Ecumenical Temple.
  5083 | D:5      | Reached skill level 5 in Fighting
  5083 | D:5      | Reached skill level 7 in Axes
  5337 | D:5      | Found a shimmering blue altar of Sif Muna.
  5415 | D:5      | Found a radiant altar of Vehumet.
  5446 | D:5      | Reached skill level 5 in Armour
  5597 | D:6      | Found Gatzozet's Weapon Shop.
  5620 | D:6      | Reached skill level 8 in Axes
  5620 | D:6      | Reached XP level 8. HP: 26/70 MP: 8/8
  5877 | D:6      | Reached ** piety under Zin
  5984 | D:6      | Found a burning altar of Makhleb.
  6480 | D:7      | Reached skill level 9 in Axes
  6546 | D:7      | Reached skill level 10 in Axes
  6546 | D:7      | Reached XP level 9. HP: 19/79 MP: 9/9
  6989 | D:7      | Reached skill level 1 in Invocations
  7559 | D:7      | Reached *** piety under Zin
  8007 | D:8      | Reached skill level 11 in Axes
  8281 | D:8      | Reached **** piety under Zin
  8737 | D:8      | Reached XP level 10. HP: 77/88 MP: 12/12
  9023 | D:8      | Noticed Maurice
  9040 | D:8      | Killed Maurice
  9390 | D:8      | Was forgiven by Vehumet
  9668 | D:9      | Found Namiazun's Assorted Antiques.
  9683 | D:9      | Reached skill level 5 in Invocations
  9713 | D:9      | Noticed a two-headed ogre
  9752 | D:9      | Killed a two-headed ogre
  9753 | D:9      | Reached skill level 12 in Axes
  9906 | D:9      | Reached ***** piety under Zin
 10521 | D:10     | Entered Level 10 of the Dungeon
 10521 | D:10     | Found a blossoming altar of Fedhas.
 10883 | D:9      | Reached skill level 10 in Armour
 11068 | D:9      | Reached skill level 13 in Axes
 11235 | D:10     | Reached XP level 11. HP: 89/97 MP: 15/15
 11399 | D:10     | Noticed an eight-headed hydra
 11450 | D:10     | Noticed a two-headed ogre
 11458 | D:10     | Killed a two-headed ogre
 11486 | D:10     | Noticed Josephine
 11494 | D:10     | Killed Josephine
 11662 | D:10     | Found Miynigibb's Assorted Antiques.
 11733 | D:10     | Reached skill level 10 in Fighting
 11858 | D:10     | Reached skill level 14 in Axes
 11956 | D:10     | Noticed a four-headed hydra
 11964 | D:10     | Killed a five-headed hydra
 12019 | D:10     | Noticed a two-headed ogre
 12023 | D:10     | Killed a two-headed ogre
 12036 | D:10     | Noticed a green ugly thing
 12044 | D:10     | Killed a green ugly thing
 12223 | D:10     | Noticed a centaur warrior
 12239 | D:10     | Killed a centaur warrior
 12244 | D:10     | Reached XP level 12. HP: 18/107 MP: 15/17
 12636 | D:10     | Noticed a six-headed hydra
 12642 | D:10     | Killed a six-headed hydra
 12644 | D:10     | Found a staircase to the Lair.
 12648 | D:10     | Found a staircase to the Orcish Mines.
 12880 | D:10     | Found a sparkling altar of Nemelex Xobeh.
 12915 | D:10     | Found the +1 cloak of Starlight {*Dazzle EV+4 Stlth--}
 12974 | D:10     | Killed an eight-headed hydra
 13379 | D:10     | Reached skill level 15 in Axes
 13513 | D:10     | Reached XP level 13. HP: 115/115 MP: 19/19
 13562 | Lair:1   | Entered Level 1 of the Lair of Beasts
 13562 | Lair:1   | Noticed Erica
 13571 | Lair:1   | Killed Erica
 13748 | Lair:1   | Identified the +10 arbalest of Instinct {flame, rElec Will+
                  | Int+3 Dex+3}
 13754 | Lair:1   | Found a basalt altar of Yredelemnul.
 13814 | Lair:1   | Reached skill level 10 in Invocations
 13844 | Lair:1   | Identified the +7 hunting sling of Lust {vorpal, rPois
                  | rF+++ rCorr MP+9 Stlth-}
 15714 | Lair:3   | Found a frozen archway.
 15719 | IceCv    | Entered an ice cave
 15915 | IceCv    | Reached ****** piety under Zin
 16671 | IceCv    | Identified the +10 trident "Dylis" {vorpal, Fly rF+ rN+}
 16784 | Lair:3   | Reached skill level 16 in Axes
 17687 | Lair:4   | Noticed Kirke
 17702 | Lair:4   | Killed Kirke
 17718 | Lair:4   | Reached XP level 14. HP: 105/125 MP: 20/20
 17864 | Lair:4   | Found a staircase to the Snake Pit.
 18145 | Lair:4   | Found a staircase to the Shoals.
 18703 | Lair:4   | Reached skill level 17 in Axes
 18773 | Lair:4   | Reached skill level 15 in Armour
 18985 | Lair:5   | You fall into a shaft and drop 1 floor!
 18985 | Lair:6   | Entered Level 6 of the Lair of Beasts
 18989 | Lair:6   | Noticed Urug
 20090 | Lair:6   | Reached skill level 10 in Evocations
 20109 | Lair:6   | Reached skill level 18 in Axes
 20399 | Lair:6   | Killed Urug
 20862 | Lair:5   | Reached XP level 15. HP: 97/137 MP: 19/21
 20866 | Lair:5   | Reached skill level 19 in Axes
 21216 | Lair:6   | Found a runed translucent door.
 21217 | Lair:6   | Found a viscous altar of Jiyva.
 21217 | Lair:6   | Found a staircase to the Slime Pits.
 21217 | Lair:6   | Noticed an acid blob
 21217 | Lair:6   | Noticed an acid blob
 21725 | Lair:6   | Found a runed translucent door.
 22541 | Orc:1    | Entered Level 1 of the Orcish Mines
 22572 | Orc:1    | Found a dark tunnel.
 22583 | Volcano  | Entered a volcano
 22630 | Volcano  | Reached skill level 20 in Axes
 23105 | Orc:1    | Found a runed translucent door.
 23105 | Orc:1    | Noticed Swamplord's ghost (journeyman HOFi)
 23543 | Orc:1    | Killed Swamplord's ghost
 23824 | Orc:2    | Entered Level 2 of the Orcish Mines
 24201 | Orc:2    | Found a staircase to the Elven Halls.
 24418 | Orc:2    | Found Ygulukis's Armour Shoppe.
 24434 | Orc:2    | Reached skill level 15 in Fighting
 24443 | Orc:2    | Paralysed by an ogre mage for 4 turns
 24445 | Orc:2    | Reached skill level 5 in Throwing
 24623 | Orc:2    | Found Ubeutimp's Book Shoppe.
 24648 | Orc:2    | Found Oqennen's Weapon Shop.
 24661 | Orc:2    | Found Gicaock's Jewellery Emporium.
 25282 | D:11     | Got the Handbook of Virous Stones
 25318 | D:11     | Reached skill level 5 in Dodging
 25338 | D:11     | Reached skill level 1 in Shields
 25394 | D:11     | Identified the ring "Debli" {Fly rF+}
 25835 | D:11     | You are sucked into a shaft and drop 1 floor!
 26060 | D:12     | Reached XP level 16. HP: 142/149 MP: 22/22
 27329 | D:13     | Reached skill level 5 in Shields
 27472 | D:13     | Found a gate to the Vaults.
 27554 | D:13     | Found a stormy altar of Qazlal.
 28773 | D:14     | Found a white marble altar of Elyvilon.
 29339 | D:14     | Found a blossoming altar of Fedhas.
 29798 | D:15     | Entered Level 15 of the Dungeon
 30130 | D:15     | Noticed Azrael
 30144 | D:15     | Killed Azrael
 30234 | D:15     | Found a staircase to the Depths.
 30294 | D:15     | HP: 7/151 [boulder beetle (17)]
 31215 | D:15     | HP: 6/151 [meliai/+0 hand axe (5)]
 31843 | D:15     | Found a glowing silver altar of Zin.
 32662 | Snake:1  | Entered Level 1 of the Snake Pit
 32662 | Snake:1  | Found Gesheq's Armour Shoppe.
 32956 | Snake:1  | Reached skill level 10 in Throwing
 33225 | Snake:1  | Reached skill level 10 in Shields
 33485 | Snake:1  | Reached XP level 17. HP: 160/160 MP: 23/23
 33830 | Snake:1  | Slain by a naga warrior

Illustrated notes

Levels and vault maps discovered:
D:1:      tarquinn_simple_flora_water_d, layout_basic, basic_ecumenical_altar,
          serial_shops, shop, minmay_misc_feat_five
D:2:      layout_basic, kennysheep_pointless_box
D:3:      layout_loops_ring, mainiacjoe_overflow_24_doors,
          gammafunk_ghost_arena, columned_hall_lemuel
D:4:      layout_rooms, lemuel_crystal_altar
D:5:      layout_gridville, lemuel_tele_altar, kennysheep_little_box,
          minmay_temple_entry_crystal_x, portal_sewer_entry_f
D:6:      layout_cave_pools, mainiacjoe_overflow_cross_hatched, serial_shops,
          nicolae_shop_stone
D:7:      nicolae_cairo_tiling_large_dashed, layout_basic,
          kennysheep_small_circle
D:8:      layout_cave_pods, minmay_manual_monstrance, uniq_maurice
D:9:      layout_rooms, serial_shops, nicolae_stop_n_shop_1
D:10:     minmay_the_grid_3x3 [minmay_the_grid_slots, minmay_the_grid_large_cup,
          minmay_the_grid_small_cups, minmay_the_grid_aliased_spiral,
          minmay_the_grid_empty, minmay_the_grid_rooms,
          minmay_the_grid_embedded, minmay_the_grid_fan,
          minmay_the_grid_prize_trominoes], layout_loops_cross,
          lemuel_crystal_altar, mainiacjoe_overflow_alcove_1, lair_entry_dummy,
          minmay_orc_entry_temple_small, serial_shops, nicolae_shop_stone,
          uniq_josephine
D:11:     layout_gridville, st_stairs_14
D:12:     layout_roguey, minmay_puff
D:13:     layout_long_grid, erik_vaults_1, nicolae_qazlal_general_emergency
D:14:     layout_loops_corners, fedhas_altar_fruit_tree, elyvilon_altar_4
D:15:     gammafunk_depths_entry_grave, layout_small_grid, zin_academy,
          uniq_azrael
Lair:1:   layout_roguey, basic_altar, minivault_27,
          chequers_serial_rivers_micro_b, uniq_erica
Lair:2:   layout_layer_cave
Lair:3:   layout_roguey, portal_ice_cave_entry_pillars_2,
          grunt_forest_stairs_basic, grunt_megastairs_1
Lair:4:   nzn_winding_woodlands_cross [nzn_winding_woodlands_5x15_jagged,
          nzn_winding_woodlands_5x15_sawtooth,
          nzn_winding_woodlands_5x15_parted, nzn_winding_woodlands_5x15_default,
          nzn_winding_woodlands_15x15_eel_pit], layout_gridlike,
          elwin_shoals_entry_rooms, guppyfry_snake_entry_garden, uniq_kirke
Lair:5:   layout_loops_ring, beast_lair_carwin_3, serial_bayou_shore_b,
          lemuel_fruit_fields
Lair:6:   wormcave, layout_misc_corridors, slime_altar_2, uniq_urug
Snake:1:  layout_cave_shapes, serial_shops, shop
Orc:1:    layout_caves, gammafunk_ghost_grave, lightli_volcano_entry_magma_tube,
          mines1_david
Orc:2:    st_orc_open, layout_diamond_mine

Skill      XL: |  1  2  3  4  5  6  7  8  9 10 11 12 13 14 15 16 17 |
---------------+----------------------------------------------------+-----
Axes           | 1 2 3 4 5 6 8 10 11 13 14 15 16 18 20 | 20.0
Armour         | 1 2 3 4 5 6 8 10 12 14 15 | 15.0
Fighting       | 2 3 4 5 7 8 9 10 11 13 15 16 17 | 17.2
Invocations    | 4 7 9 10 | 10.0
Evocations     | 7 8 10 | 10.0
Throwing       | 6 10 | 10.0
Dodging        | 5 |  5.0
Shields        | 3 10 | 10.0
Spellcasting   | |  1.0
Fire Magic     | |  3.7

Action                   |  1- 3 |  4- 6 |  7- 9 | 10-12 | 13-15 | 16-18 || total
-------------------------+-------+-------+-------+-------+-------+-------++-------
Melee: Club              |    95 |       |       |       |       |       ||    95
       Headbutt          |    12 |    18 |    50 |    77 |   268 |   158 ||   583
       Punch             |     3 |     2 |     2 |     3 |    22 |       ||    32
       Flail             |    13 |   124 |    26 |       |       |       ||   163
       Hand axe          |       |       |   141 |       |       |       ||   141
       War axe           |       |       |    49 |   294 |   985 |   569 ||  1897
       Scimitar          |       |       |       |       |     7 |       ||     7
Throw: Boomerang         |       |       |       |    11 |       |       ||    11
 Cast: Scorch            |     1 |       |       |       |       |       ||     1
Invok: Renounce Religion |     1 |       |       |       |       |       ||     1
       Vitalisation      |       |       |     1 |     7 |    14 |     8 ||    30
       Recite            |       |       |     1 |     3 |     7 |     1 ||    12
Evoke: Wand              |       |       |       |    15 |     2 |       ||    17
  Use: Scroll            |     5 |     3 |     9 |     3 |     8 |     5 ||    33
       Potion            |     1 |       |     3 |     3 |     5 |     1 ||    13
 Stab: Sleeping          |       |     1 |       |       |       |       ||     1
       Paralysed         |       |       |       |     1 |     1 |       ||     2
       Invisible         |       |       |       |       |    40 |     7 ||    47
       Confused          |       |       |       |       |     2 |       ||     2
Armor: Leather armour    |    40 |    71 |    31 |       |       |       ||   142
       Chain mail        |       |       |    55 |   199 |   302 |       ||   556
       Plate armour      |       |       |       |    25 |    89 |   262 ||   376
Dodge: Dodged            |    70 |    90 |    90 |   169 |   471 |   215 ||  1105
Block: Other             |       |    40 |    45 |    70 |   175 |       ||   330
       Reflection        |       |     3 |       |     7 |     1 |    34 ||    45
       Buckler           |       |       |       |       |    22 |   253 ||   275
